AoeStats
← Bickus Diggus

Arena

509878977Analyzed
4v4 RM · 3d ago on Sep 28, 2026· 42m 39s· 8 players
Game mode
Random Map
Map size
Large (8 player)
Population
200
Speed
Normal
Resources
Standard
Victory
Conquest
Starting age
Dark Age
Ending age
Imperial Age
RankedLock teamsTeams togetherTeam positionsShared explorationLock speedFull tech treeHidden civsTurbo modeCheats
Victory
Defeat
🇮🇳 Slavs · India
948
+15
🇮🇳 Saracens · India
941
+15
🇫🇴 Romans · Faroe Islands
933
+16
🇨🇳 Saxons · China
928
+16
979
-18
🇨🇳 Bohemians · China
957
-17
🇧🇷 Saxons · Brazil
920
-15
🇳🇱 Franks · Netherlands
848
-12
Owen Knight
11:43 Feudal Age
15:54 Castle Age
17:36 Double-Bit Axe
24:40 Horse Collar
25:13 Bow Saw
27:13 Gold Mining
27:16 Stone Mining
33:06 Imperial Age
31:12 Wheelbarrow
30:23 Town Watch
33:31 Elite Skirmisher
34:32 Heavy Plow
35:35 Two-Man Saw
34:54 Hand Cart
34:39 Town Patrol
34:22 Elite Mameluke
37:09 Fortified Wall
38:00 Chemistry
37:21 Ballistics
37:49 Padded Archer Armor
37:39 Fletching
39:56 Leather Archer Armor
39:36 Bodkin Arrow
SonniRagz
13:51 Feudal Age
15:00 Horse Collar
15:08 Double-Bit Axe
18:55 Castle Age
16:49 Man-at-Arms
20:12 Heavy Plow
20:27 Bow Saw
26:22 Wheelbarrow
25:33 Town Watch
25:33 Loom
25:50 Stone Mining
25:50 Gold Mining
28:32 Gold Shaft Mining
28:00 Scale Mail Armor
28:10 Forging
28:08 Scale Barding Armor
27:36 Long Swordsman
28:17 Squires
29:11 Hand Cart
28:57 Town Patrol
33:52 Imperial Age
32:14 Chain Barding Armor
32:09 Chain Mail Armor
32:30 Iron Casting
33:26 Ballistas
35:30 Plate Barding Armor
35:18 Ballistics
35:59 Chemistry
35:37 Conscription
34:43 Cavalier
35:23 Husbandry
35:34 Bloodlines
37:13 Blast Furnace
36:47 Crop Rotation
36:22 Heavy Scorpion
36:56 Legionary
38:34 Capped Ram
39:30 Siege Engineers
40:15 Comitatenses
40:32 Siege Ram
40:46 Elite Centurion
Bickus Diggus
11:37 Feudal Age
12:53 Horse Collar
13:00 Double-Bit Axe
16:00 Wheelbarrow
15:22 Gold Mining
18:37 Castle Age
16:36 Loom
19:15 Stone Mining
21:11 Hand Cart
20:57 Man-at-Arms
21:37 Squires
22:31 Heavy Plow
24:01 Scale Mail Armor
23:26 Long Swordsman
24:16 Town Watch
26:43 Gold Shaft Mining
26:56 Detinets
31:03 Imperial Age
30:22 Chain Mail Armor
30:17 Forging
33:28 Redemption
32:43 Two-Handed Swordsman
34:21 Fletching
34:31 Padded Archer Armor
35:46 Plate Mail Armor
35:11 Bodkin Arrow
34:42 Elite Skirmisher
37:39 Champion
39:23 Conscription
41:30 Block Printing
43:11 Druzhina
天地银行行长
10:27 Feudal Age
15:01 Castle Age
13:18 Double-Bit Axe
13:25 Horse Collar
16:17 Bow Saw
16:10 Heavy Plow
21:51 Gold Mining
21:52 Stone Mining
21:59 Stone Mining
24:50 Gold Shaft Mining
28:53 Imperial Age
26:08 Loom
27:28 Wheelbarrow
26:39 Town Watch
27:39 Wheelbarrow
27:09 Scale Mail Armor
27:01 Fletching
28:35 Chain Mail Armor
28:17 Bodkin Arrow
28:34 Forging
29:41 Pikeman
30:22 Squires
30:48 Conscription
31:51 Elite Hearth Troop
35:31 Crop Rotation
36:11 Two-Man Saw
35:05 Shield Wall
36:28 Plate Mail Armor
36:34 Iron Casting
35:59 Bracer
36:16 Halberdier
38:14 Hoardings
39:03 Capped Ram
39:38 Arson
39:56 Siege Ram
40:38 Elite Varangian Guard
Vikingmaster
10:11 Feudal Age
16:59 Castle Age
15:11 Fletching
25:30 Bodkin Arrow
28:23 Ballistics
29:34 Wheelbarrow
28:47 Loom
28:48 Town Watch
31:08 Hand Cart
35:42 Imperial Age
36:00 Heavy Mounted Crossbowman
36:01 Cranequins
39:30 Chemistry
38:33 Padded Archer Armor
40:45 Murder Holes
40:22 Ordonnance Companies
Ana Nzinga of Mbande Ndogo
12:28 Feudal Age
15:59 Castle Age
13:50 Double-Bit Axe
14:29 Horse Collar
15:08 Stone Mining
17:07 Wheelbarrow
17:27 Heavy Plow
17:41 Bow Saw
17:36 Town Watch
18:59 Loom
24:08 Hand Cart
23:54 Gold Mining
28:25 Imperial Age
27:21 Gold Shaft Mining
28:21 Town Patrol
29:31 Conscription
29:53 Counterweights
30:33 Fletching
30:53 Elite Mameluke
36:09 Scale Barding Armor
36:33 Light Cavalry
37:28 Bloodlines
37:19 Husbandry
36:41 Heavy Camel Rider
37:31 Bodkin Arrow
37:57 Chain Barding Armor
37:11 Hussar
38:25 Scale Mail Armor
38:39 Forging
Caduzera
9:08 Feudal Age
7:59 Loom
12:18 Gold Mining
19:46 Castle Age
17:41 Horse Collar
18:24 Stone Mining
21:35 Double-Bit Axe
23:47 Padded Archer Armor
23:50 Scale Mail Armor
24:00 Forging
32:56 Imperial Age
42:51 Chain Mail Armor
43:12 Iron Casting
2579439892
12:28 Feudal Age
18:03 Double-Bit Axe
18:00 Horse Collar
21:38 Castle Age
27:46 Imperial Age
27:18 Chemistry
27:05 Bow Saw
26:28 Man-at-Arms
27:12 Squires
27:31 Forging
27:21 Scale Mail Armor
27:59 Long Swordsman
30:06 Two-Man Saw
31:03 Two-Handed Swordsman
35:20 Heavy Plow
36:02 Wheelbarrow
42:15 Champion
Connection lost

Rejoining the realm…

Still unreachable

The connection could not be restored.

Session expired

The server has moved on; the page needs a fresh start.